 Dungeon Crawl Stone Soup version 0.26-a0-611-g354ed81 (webtiles) character file.

Game seed: 1934794785114065994

83 Boetheseconed the Skirmisher (level 4, -5/60 HPs)
             Began as a Draconian Berserker on Sept 7, 2020.
             Was a Believer of Trog.
             Shot with an arrow by a centaur (11 damage)
             ... on level 3 of the Dungeon.
             The game lasted 00:05:43 (2294 turns).

Boetheseconed the Skirmisher (Draconian Berserker)  Turns: 2294, Time: 00:05:45

Health: -5/60      AC:  5    Str: 19    XL:     4   Next: 22%
Magic:  4/4        EV: 13    Int:  7    God:    Trog [**....]
Gold:   65         SH:  0    Dex: 12    Spells: 3/3 levels left

rFire    . . .     SeeInvis .   m - +0 quarterstaff (speed)
rCold    . . .     Faith    .   (shield currently unavailable)
rNeg     . . .     Spirit   .   (armour unavailable)
rPois    .         Reflect  .   (helmet restricted)
rElec    .         Harm     .   (no cloak)
rCorr    .                      (no gloves)
MR       ++...                  (no boots)
Stlth    ..........             e - amulet of the acrobat
HPRegen  1.20/turn              (no ring)
MPRegen  0.09/turn              (no ring)

@: berserking, regenerating, very quick
A: unfitting armour, cold-blooded, AC +5
a: Berserk, Trog's Hand, Renounce Religion


You were on level 3 of the Dungeon.
You worshipped Trog.
Trog was pleased with you.
You visited 1 branch of the dungeon, and saw 3 of its levels.

You collected 65 gold pieces.

Inventory:

Hand Weapons
 a - a +0 hand axe
 m - a +0 quarterstaff of speed (weapon)
Missiles
 g - 2 javelins (quivered)
Armour
 l - a +0 buckler
Jewellery
 e - an amulet of the acrobat (around neck)
Scrolls
 b - 4 scrolls of teleportation {unknown}
 c - 3 scrolls of identify {unknown}
 d - a scroll of blinking {unknown}
 f - 4 scrolls of fog {unknown}
 h - 2 scrolls of magic mapping {unknown}
 i - a scroll of immolation {unknown}
 j - a scroll of fear {unknown}
 k - a scroll of remove curse {unknown}


   Skills:
 + Level 4.1 Fighting
 + Level 3.9 Axes
 + Level 0.4 Staves
 + Level 0.2 Throwing
 + Level 3.2 Dodging
 + Level 0.1 Stealth


You had 3 spell levels left.
You didn't know any spells.
Your spell library was empty.

Dungeon Overview and Level Annotations

Branches:
Dungeon (3/15)

Altars:
Fedhas
Qazlal
The Shining One


Innate Abilities, Weirdness & Mutations

Your plain brown scales are hard. (AC +5)
You cannot fit into any form of body armour.
You are cold-blooded and may be slowed by cold attacks.


Message History

A kobold comes into view.
Throwing (i - inventory)
g - 3 javelins (quivered)
Press: ? - help, Shift-Dir - straight line, f/p - centaur
Aim: a centaur, wielding a +0 shortbow and quivering 5 arrows (moderately wounded)
You throw a javelin. The javelin barely misses the centaur.
The centaur shoots an arrow.
The arrow hits you!
The kobold throws a stone.
The stone closely misses you.
The centaur shoots an arrow.
The arrow hits you!
The kobold throws a stone.
The stone hits you but does no damage.
Your skin crawls.
You feel resistant to hostile enchantments.
The centaur shoots an arrow.
The arrow hits you!
* * * LOW HITPOINT WARNING * * *
The kobold throws a stone.
The stone hits you but does no damage.
A red film seems to cover your vision as you go berserk!
You feel yourself moving faster!
You feel mighty!
The centaur shoots an arrow.
The arrow hits you!
* * * LOW HITPOINT WARNING * * *
The kobold throws a stone.
The stone barely misses you.
The centaur shoots an arrow.
The arrow hits you!
You die...

#.<#
#..######..
#..........
##..#####..
#..# #..#
#..# #(.#
#.@# #..#
#... ##.#.
#.#.K #.#
#. #c# ..
#(# .#


You could see a centaur and a kobold.

Vanquished Creatures
  4 adders
  An ooze (D:2)
  2 worms (D:2)
  A leopard gecko (D:1)
  3 giant cockroaches
  5 goblins
  4 hobgoblins
  A quokka (D:2)
  A ball python (D:1)
  4 bats
  2 frilled lizards
  3 kobolds
  9 rats
40 creatures vanquished.

Notes
Turn   | Place    | Note
-------+----------+-------------------------------------------
     0 | D:1      | Boetheseconed the Draconian Berserker began the quest for
                  | the Orb.
     0 | D:1      | Reached XP level 1. HP: 19/19 MP: 1/1
   337 | D:1      | Reached XP level 2. HP: 26/26 MP: 2/2
  1150 | D:2      | Reached XP level 3. HP: 16/33 MP: 3/3
  1531 | D:2      | Found a stormy altar of Qazlal.
  1576 | D:2      | Reached skill level 4 in Fighting
  1657 | D:2      | Reached ** piety under Trog
  1709 | D:2      | Reached XP level 4. HP: 40/40 MP: 4/4
  2000 | D:2      | Found a glowing golden altar of the Shining One.
  2139 | D:2      | Found a blossoming altar of Fedhas.
  2290 | D:3      | Noticed a centaur
  2294 | D:3      | Shot with an arrow by a centaur

Illustrated notes

Levels and vault maps discovered:
D:1:      dpeg_arrival_refuge, layout_basic, chequers_serial_rivers_large_a
D:2:      layout_basic, lemuel_coloured_pillars_altar,
          nicolae_qazlal_eye_of_the_storm, palyth_stone_intersect,
          fedhas_altar_4
D:3:      layout_loops_ring, lemuel_round_altar, makhleb_blood_cavern_becter

Skill      XL: |  1  2  3 |
---------------+----------+-----
Dodging        | 3 |  3.2
Fighting       | 4 |  4.1
Axes           | |  3.9
Staves         | |  0.4
Throwing       | |  0.2
Stealth        | |  0.1

Action                   |  1- 3 |  4- 6 || total
-------------------------+-------+-------++-------
Melee: Hand axe          |    73 |       ||    73
       Tailslap          |    11 |       ||    11
       Quarterstaff      |     5 |    10 ||    15
Throw: Javelin           |    22 |     2 ||    24
Invok: Berserk           |       |     1 ||     1
       Trog's Hand       |       |     1 ||     1
  Use: Potion            |     1 |       ||     1
Armor: Skin              |    24 |     1 ||    25
Dodge: Dodged            |    79 |    12 ||    91
Block: Buckler           |    10 |       ||    10

Table legend: (Time is in decaauts)
 A = Elapsed time spent in this place.
 B = Non-inter-level travel time spent in this place.
 C = Inter-level travel time spent in this place.
 D = Time resting spent in this place.
 E = Time spent auto-exploring this place.
 F = Levels seen in this place.
 G = Mean time per level.
                   A        B        C        D        E       F      G
               +--------+--------+--------+--------+--------+-----+--------+
         Total |   2326 |   2170 |    156 |    153 |   1568 |   3 |  775.3 |
       Dungeon |   2326 |   2170 |    156 |    153 |   1568 |   3 |  775.3 |
               +--------+--------+--------+--------+--------+-----+--------+

Top non-repeatable levels by time:
     D:2: 1389 daAuts
     D:1: 911 daAuts
     D:3: 25 daAuts
